 Dungeon Crawl Stone Soup version 0.29-a0-315-gaf6dd05e2f (webtiles) character file.

Game seed: 4903980492653139764

77 kae the Firebug (level 4, -1/25 HPs)
             Began as a Tengu Fire Elementalist on Mar 29, 2022.
             Succumbed to a kobold's poison
             ... on level 2 of the Dungeon.
             The game lasted 00:01:21 (2225 turns).

kae the Firebug (Tengu Fire Elementalist)           Turns: 2225, Time: 00:01:22

Health: -1/25      AC:  3    Str:  8    XL:     4   Next: 33%
Magic:  8/8        EV: 12    Int: 18    God:
Gold:   54         SH:  0    Dex: 14    Spells: 1/7 levels left

rFire   . . .      SeeInvis .   i - +2 short sword (freeze)
rCold   . . .      Faith    .   (no shield)
rNeg    . . .      Spirit   .   a - +1 robe
rPois   .          Reflect  .   (helmet restricted)
rElec   .          Harm     .   (no cloak)
rCorr   .          Rampage  .   (no gloves)
Will    .....                   (boots unavailable)
Stlth   ++........              (no amulet)
HPRegen 0.08/turn               (no ring)
MPRegen 0.11/turn               (no ring)

@: lethally poisoned (-1 -> -12), flying, hasted, very quick
A: beak, talons 3
a: no special abilities


You were on level 2 of the Dungeon.
You visited 1 branch of the dungeon, and saw 2 of its levels.

You collected 82 gold pieces.
You spent 28 gold pieces at shops.

Inventory:

Hand Weapons
 i - a +2 short sword of freezing (weapon)
Armour
 a - a +1 robe (worn)
Scrolls
 c - 2 scrolls of immolation {unknown}
 g - a scroll of identify
Potions
 b - a potion of magic
 e - 3 potions of degeneration
 h - 2 potions of brilliance


   Skills:
 + Level 1.2 Fighting
 + Level 1.1 Armour
 + Level 2.7 Dodging
 - Level 2.0 Stealth
 + Level 2.3 Spellcasting
 + Level 2.1 Conjurations
 * Level 4.1 Fire Magic


You had one spell level left.
You knew the following spells:

 Your Spells              Type           Power      Damage    Failure   Level
a - Foxfire               Conj/Fire      52%        2x1d6     4%          1
b - Scorch                Fire           34%        2d6       4%          2
c - Conjure Flame         Conj/Fire      13%        6-21      14%         3

Your spell library contained the following spells:

 Spells                   Type           Power      Damage    Failure   Level
 Magic Dart               Conj           40%        1d5       7%          1
 Searing Ray              Conj           20%        2d5       11%         2
 Inner Flame              Hex/Fire       9%         N/A       22%         3
 Flame Wave               Conj/Fire      13%        2d6       43%         4
 Fulminant Prism          Conj/Hex       3%         3d6       73%         4


Dungeon Overview and Level Annotations

Branches:
Dungeon (2/15)

Altars:
Gozag

Shops:
D:1 *


Innate Abilities, Weirdness & Mutations

You have a beak for a mouth.
You have claws for feet.


Message History

The frilled lizard hisses angrily.
The frilled lizard bites you but does no damage.
You hit the frilled lizard.
The frilled lizard seems to slow down.
You freeze the frilled lizard.
You kill the frilled lizard!
You see here a frilled lizard corpse.
A kobold comes into view. It is wielding a +0 whip of venom.
The kobold shouts!
You hear a shout!
A goblin comes into view. It is wielding a +0 club.
There are monsters nearby!
The kobold barely misses you.
There are monsters nearby!
You completely miss the kobold.
An adder comes into view.
The kobold hits you with a +0 whip of venom.
You are poisoned.
The kobold closely misses you.
You hit the kobold but do no damage. You claw the kobold, but do no damage.
You peck the kobold, but do no damage.
You feel very sick.
The kobold hits you with a +0 whip of venom.
You are lethally poisoned!
You are too injured to fight recklessly!
You are too injured to fight recklessly!
You are too injured to fight recklessly!
You are too injured to fight recklessly!
You hit the kobold. You freeze the kobold.
You kill the kobold!
You feel very sick.
You barely miss the goblin. You peck the goblin, but do no damage.
* * * LOW HITPOINT WARNING * * *
You feel very sick. The goblin barely misses you.
You feel very buoyant.
You fly up into the air.
* * * LOW HITPOINT WARNING * * *
You feel very sick. The goblin misses you.
It was a potion of haste.
You feel yourself speed up.
You die...

#.# #....#
#.# #.####
#.# #.# #
#.# #)# #
#.# #.# #
#.# #.# #
#.#
#######.####
#.#
#...<......#
#@#
#.#..##.##.#
#g#
#.##....##.#


#SS .≈.≈.≈.≈.##.# .#.. #...#...#.#.# ≈ ≈.≈.≈.≈.≈.≈§≈#†# #. .#...#...#...... #≈
≈.≈.≈.≈.≈.≈.≈..# #. .. #...#...#...# .≈.≈§≈.≈.≈... You could see an adder, a
goblin and a ball python.

Vanquished Creatures
  3 adders (D:2)
  2 dart slugs (D:2)
  2 endoplasms
  4 giant cockroaches (D:1)
  4 goblins
  4 hobgoblins
  A quokka (D:2)
  2 ball pythons
  7 bats
  3 frilled lizards
  8 kobolds
  6 rats
46 creatures vanquished.

Vanquished Creatures (others)
  89 foxfires
89 creatures vanquished.

Grand Total: 135 creatures vanquished

Notes
Turn   | Place    | Note
-------+----------+-------------------------------------------
     0 | D:1      | kae the Tengu Fire Elementalist began the quest for the
                  | Orb.
     0 | D:1      | Reached XP level 1. HP: 10/10 MP: 4/4
   341 | D:1      | Reached XP level 2. HP: 15/15 MP: 3/6
   921 | D:1      | Found Ecsogada's General Store.
   932 | D:1      | Bought a scroll of identify for 28 gold pieces
  1094 | D:1      | Found a faded altar of an unknown god.
  1102 | D:1      | Reached XP level 3. HP: 20/20 MP: 5/7
  1105 | D:1      | Learned a level 2 spell: Scorch
  1109 | D:1      | Learned a level 3 spell: Conjure Flame
  1235 | D:2      | Found an opulent altar of Gozag.
  1423 | D:2      | Reached skill level 1 in Fighting
  1432 | D:2      | Reached skill level 1 in Armour
  1432 | D:2      | Reached skill level 4 in Fire Magic
  1847 | D:2      | Reached XP level 4. HP: 25/25 MP: 6/8
  2225 | D:2      | Succumbed to a kobold's poison

Illustrated notes

Levels and vault maps discovered:
D:1:      sevenhm_arrival_forest_fort_small_5, layout_loops_ring, serial_shops,
          nicolae_lakefront_shop, hellmonk_ecumenical_altar_run_dry
D:2:      layout_loops_ring, basic_altar, kennysheep_crisscross

Skill      XL: |  1  2  3 |
---------------+----------+-----
Fighting       | 1 |  1.2
Conjurations   | 2 |  2.1
Armour         | 1 |  1.1
Fire Magic     | 4 |  4.1
Dodging        | |  2.7
Stealth        | |  2.0
Spellcasting   | |  2.3

Action                   |  1- 3 |  4- 6 || total
-------------------------+-------+-------++-------
Melee: Short sword       |    17 |    15 ||    32
       Kick              |     1 |     2 ||     3
       Peck              |     2 |     3 ||     5
 Cast: Foxfire           |    50 |     7 ||    57
       Scorch            |     1 |       ||     1
  Use: Scroll            |     6 |       ||     6
       Potion            |     1 |     2 ||     3
 Stab: Sleeping          |     3 |       ||     3
Armor: Robe              |     7 |     3 ||    10
Dodge: Dodged            |    14 |     9 ||    23

Table legend: (Time is in decaauts)
 A = Elapsed time spent in this place.
 B = Non-inter-level travel time spent in this place.
 C = Inter-level travel time spent in this place.
 D = Time resting spent in this place.
 E = Time spent auto-exploring this place.
 F = Levels seen in this place.
 G = Mean time per level.
                   A        B        C        D        E       F      G
               +--------+--------+--------+--------+--------+-----+--------+
         Total |   2228 |   2196 |     32 |    197 |   1681 |   2 | 1114.0 |
       Dungeon |   2228 |   2196 |     32 |    197 |   1681 |   2 | 1114.0 |
               +--------+--------+--------+--------+--------+-----+--------+

Top non-repeatable levels by time:
     D:1: 1235 daAuts
     D:2: 993 daAuts
